[Event "Early-Titled-Tuesday-Blitz-February-06-2024"]
[Site "Chess.com"]
[Date "2024.02.06"]
[Round "3"]
[White "nindjaxx8"]
[Black "cthulhuuu"]
[Result "1-0"]
[WhiteElo "2575"]
[BlackElo "2395"]
[TimeControl "180+1"]
[EndTime "8:28:01 PST"]
[Termination "nindjaxx8 won on time"]

1. d4 Nf6 2. c4 e5 3. dxe5 Ng4 4.
Nf3 Bc5 5. e3 Nc6 6. Nc3 O-O 7.
Be2 Re8 8. O-O a5 9. b3 Ncxe5 10. Nxe5 Nxe5 11. Bb2 Ra6 12. Nd5 Rh6 13. Nf4 d6 14. h3 Qg5 15. Kh1 Ng6 16. Qd2 Nxf4 17. exf4 Qh4 18. Qc3 f6 19. Bd1 Re3 20. fxe3 Bxh3 21. Kg1 Qg3 22. Bf3 Bxg2 23. Bxg2 Bxe3+ 24. Qxe3 Qxe3+ 25. Rf2 Rh4 26. Kf1 Rxf4 27. Rxf4 Qxf4+ 28. Kg1 h5 29. Re1 h4 30. Bc1 Qd4+ 31. Be3 Qc3 32. Bf2 h3 33. Bd5+ Kh7 34. Bxb7 g5 35. Re3 Qc1+ 36. Kh2 g4 37. Be4+ Kh6 38. Re2 Kh5 39. Bg3 Qf1 40. Rf2 Qe1 41. Rf5+ 1-0

[Event "Early-Titled-Tuesday-Blitz-February-06-2024"]
[Site "Chess.com"]
[Date "2024.02.06"]
[Round "3"]
[White "BallottiLuca"]
[Black "JRenatoMaranhao"]
[Result "1-0"]
[WhiteElo "2349"]
[BlackElo "2021"]
[TimeControl "180+1"]
[EndTime "8:28:01 PST"]
[Termination "BallottiLuca won on time"]

1. d4 d5 2. Nc3 Nf6 3. Bf4 c6 4. e3 Bf5 5. f3 Nbd7 6. g4 Bg6 7. h4 h5 8. g5 Ng8 9. Bd3 Bxd3 10. Qxd3 g6 11. e4 e6 12. O-O-O Ne7 13. Nge2 Qa5 14. Kb1 O-O-O 15. Nc1 Bg7 16. Nb3 Qb6 17. Na4 Qb5 18.
Qxb5 cxb5 19. Nc3 a6 20. Rhe1 Rhe8 21. a3 Nb6 22. Nc5 Nd7 23. Nxd7 Kxd7 24. Ne2 Rc8 25.
c3 Rc4 26. b3 Rc6 27. Kb2 Rec8 28. Bd2 a5 29. Nf4 b4 30. axb4 axb4 31. Ne2 R8c7 32. Ra1 e5 33. Rec1 dxe4 34. fxe4 exd4 35. cxd4 Rxc1 36.
Rxc1 Rxc1 37. Kxc1 Nc6 38. d5 Nd4 39. Nxd4 Bxd4 40.
Be1 Kd6 41. Bg3+ Kc5 42. Kc2 Bc3 43. Kd3 1-0

[Event "Early-Titled-Tuesday-Blitz-February-06-2024"]
[Site "Chess.com"]
[Date "2024.02.06"]
[Round "3"]
[White "platy3"]
[Black "Arifarsky"]
[Result "1-0"]
[WhiteElo "2925"]
[BlackElo "2702"]
[TimeControl "180+1"]
[EndTime "8:28:03 PST"]
[Termination "platy3 won by resignation"]

1. e4 c5 2. Nf3 a6 3. g3 b5 4.
Bg2 Bb7 5. Qe2 e6 6. O-O Nc6 7. d3 d6 8. c3 Nf6 9. Rd1 Be7 10. d4 cxd4 11. cxd4 O-O 12. Nc3 Rc8 13. Bf4 Na5 14.
a3 Nc4 15. Rac1 Re8 16. h3 Bf8 17. g4 Qa5 18. g5 Nh5 19. Bh2 g6 20. e5 dxe5 21.
Nxe5 Bxg2 22. Kxg2 Nxe5 23. Bxe5 Bg7 24. Qe3 Qb6 25.
Ne4 Rxc1 26. Rxc1 Qb7 27. Qf3 Qd5 28. Rc5 Qd8 29. Rc7 Rf8 30. Bd6 Bxd4 31. Rb7 Bg7 32.
Bxf8 Qxf8 33. Nf6+ Bxf6 34. gxf6 h6 35. Ra7 Qd6 36.
Qa8+ Qf8 37. Qxf8+ 1-0

[Event "Early-Titled-Tuesday-Blitz-February-06-2024"]
[Site "Chess.com"]
[Date "2024.02.06"]
[Round "3"]
[White "Zohid6"]
[Black "Ditman2007"]
[Result "1-0"]
[WhiteElo "2873"]
[BlackElo "2662"]
[TimeControl "180+1"]
[EndTime "8:28:03 PST"]
[Termination "Zohid6 won on time"]

1. e4 e6 2. d4 d5 3. Nc3 Nf6 4. e5 Nfd7 5. Nce2 c5 6. c3 Nc6 7. Nf3 h6 8. h4 Be7 9. a3 Qb6 10.
Nf4 Nf8 11. Bd3 Bd7 12. O-O c4 13. Bc2 O-O-O 14. b3 cxb3 15. Bxb3 Na5 16. Bc2 Kb8 17. Rb1 Qc6 18. Bd3 g5 19. Nh5 gxh4 20. Ne1 Nh7 21.
Bxh6 Ng5 22. Bg7 Rhg8 23. Bf6 Bxf6 24. Nxf6 Rg7 25. Qh5 Nh3+ 26. Kh1 Nf4 27. Qh6 Nxd3 28. Qxg7 Nf4 29. Qxf7 Bc8 30. Nf3 h3 31. g3 Qxc3 32.
Ng1 Ne2 33. Kh2 Nxd4 34. Rbc1 Qd3 35. Qc7+ Ka8 36. Qxc8+ 1-0

[Event "Early-Titled-Tuesday-Blitz-February-06-2024"]
[Site "Chess.com"]
[Date "2024.02.06"]
[Round "3"]
[White "BillieKimbah"]
[Black "PepeCuenca"]
[Result "1-0"]
[WhiteElo "2941"]
[BlackElo "2711"]
[TimeControl "180+1"]
[EndTime "8:28:05 PST"]
[Termination "BillieKimbah won on time"]

1. d4 d5 2. Nf3 Nf6 3. Bg5 Ne4 4. Bh4 c5 5. e3 Nc6 6. Nbd2 Nxd2 7. Qxd2 cxd4 8.
exd4 Bg4 9. Ne5 Nxe5 10. dxe5 Qd7 11. Bd3 Bh5 12. O-O e6 13. Rae1 Bc5 14. Kh1 Bg6 15. f4 Bxd3 16. Qxd3 Be7 17. Bxe7 Qxe7 18. f5 O-O-O 19. f6 gxf6 20. Rxf6 Qc7 21. c3 Kb8 22. Qd4 Rhg8 23. Ref1 Rd7 24. Qf4 Rc8 25. h3 a6 26.
Rxf7 Rxf7 27. Qxf7 Qxe5 28. Qxh7 Rc7 29. Qh4 Ka7 30. Qd4+ Qxd4 31. cxd4 Rc2 32. h4 Rxb2 33. h5 Rd2 34. Rf4 b5 35. h6 Rc2 36. g4 Rc8 37. g5 Rg8 38. h7 1-0

[Event "Early-Titled-Tuesday-Blitz-February-06-2024"]
[Site "Chess.com"]
[Date "2024.02.06"]
[Round "3"]
[White "MFatigue"]
[Black "ArmanGhevondyanchess"]
[Result "1-0"]
[WhiteElo "2453"]
[BlackElo "2635"]
[TimeControl "180+1"]
[EndTime "8:28:05 PST"]
[Termination "MFatigue won by checkmate"]

1. e4 c5 2. a3 Nc6 3. b4 cxb4 4. axb4 Nxb4 5. c3 Nc6 6. d4 d6 7. d5 Ne5 8. Qd4 a6 9. f4 Ng6 10. Nf3 e6 11. c4 Be7 12. Nc3 e5 13. fxe5 Nxe5 14. Nxe5 Bh4+ 15. g3 Bf6 16. Bf4 g5 17.
Qd3 gxf4 18. Nf3 fxg3 19. hxg3 Bg4 20. Nd4 Ne7 21. Be2 Bxe2 22. Ncxe2 Qd7 23. Rb1 O-O-O 24. Kd2 Rde8 25. Rhc1 Bg5+ 26. Nf4 Ng6 27. Ne2 f5 28.
exf5 Rxe2+ 29. Qxe2 Nxf4 30. Qg4 Nh5+ 31. Qxg5 Ng7 32. f6 Nf5 33. g4 Nd4 34. Kd3 Nf3 35.
Qg7 Ne5+ 36. Kd4 Nf7 37. Re1 Rd8 38. Re7 Qa4 39. Qxf7 Qa5 40. Qe6+ Kb8 41. Rbxb7+ Ka8 42. Ra7+ Kb8 43. Reb7# 1-0

[Event "Early-Titled-Tuesday-Blitz-February-06-2024"]
[Site "Chess.com"]
[Date "2024.02.06"]
[Round "3"]
[White "AldokhinIvan"]
[Black "ccccvhhhj"]
[Result "0-1"]
[WhiteElo "2634"]
[BlackElo "2452"]
[TimeControl "180+1"]
[EndTime "8:28:05 PST"]
[Termination "ccccvhhhj won by resignation"]

1. d4 e5 2. dxe5 d6 3. exd6 Bxd6 4. Nf3 Bg4 5. g3 Nc6 6. Bg2 Qd7 7. c3 O-O-O 8. Qa4 Bh3 9. O-O Bxg2 10. Kxg2 f6 11.
Na3 g5 12. Nb5 Kb8 13. Be3 a6 14. Nxd6 Qxd6 15. Rfd1 Qf8 16. b4 g4 17. Nd4 Nxd4 18.
Rxd4 Rxd4 19. Bxd4 Ne7 20. b5 Qe8 21. Rb1 Nd5 22. Qc4 Qe4+ 23. Kg1 Qxb1+ 24. Kg2 Qe4+ 25. Kg1 Re8 26. bxa6 Qxe2 27. Qxd5 Qe1+ 28. Kg2 Qe4+ 29. Qxe4 Rxe4 30. a7+ Ka8 31. Bxf6 Kxa7 32. h3 h5 33. hxg4 hxg4 34. Bd4+ b6 35. Be3 Ra4 36. f4 Rxa2+ 37. Bf2 Kb7 38. f5 Kc6 39. c4 Kd6 40. f6 Ke6 0-1

[Event "Early-Titled-Tuesday-Blitz-February-06-2024"]
[Site "Chess.com"]
[Date "2024.02.06"]
[Round "3"]
[White "ljuks68"]
[Black "Ind1anStar"]
[Result "0-1"]
[WhiteElo "2414"]
[BlackElo "2608"]
[TimeControl "180+1"]
[EndTime "8:28:05 PST"]
[Termination "Ind1anStar won on time"]

1. e4 e6 2. d4 d5 3. Nc3 Nf6 4. Bg5 Be7 5. e5 Nfd7 6. h4 Nc6 7. Bxe7 Qxe7 8. Qg4 f5 9. Qf4 Qb4 10. O-O-O Ndxe5 11. Nb5 O-O 12. a3 Ng6 13. Qxc7 Qe7 14. h5 Nh8 15. Qxe7 Nxe7 16. Re1 Rf6 17. Ne2 Bd7 18.
Nbc3 Nf7 19. Nf4 Nd6 20. f3 Nc6 21. Rd1 Rc8 22. Be2 Be8 23. Rhe1 Bf7 24. Bf1 a6 25.
g3 b5 26. Nce2 Nc4 27. Nc3 b4 28. axb4 Nxb4 29. Bxc4 Rxc4 30. Rd2 g5 31. hxg6 hxg6 32. Nh3 Kg7 33. Ng5 Bg8 34. f4 Nc6 35. Ne2 Rf8 36.
c3 Rb8 0-1

[Event "Early-Titled-Tuesday-Blitz-February-06-2024"]
[Site "Chess.com"]
[Date "2024.02.06"]
[Round "3"]
[White "Drags95"]
[Black "Philippians46"]
[Result "1-0"]
[WhiteElo "2843"]
[BlackElo "2582"]
[TimeControl "180+1"]
[EndTime "8:28:06 PST"]
[Termination "Drags95 won on time"]

1. d4 Nf6 2. c4 g6 3. Nc3 d5 4.
Nf3 Bg7 5. Qb3 dxc4 6. Qxc4 Be6 7. Qd3 c5 8. dxc5 Na6 9. Nd4 Bd7 10. c6 Bxc6 11.
Nxc6 Qxd3 12. exd3 bxc6 13. Be2 O-O 14. O-O Rab8 15.
d4 Nb4 16. Rd1 Nfd5 17. Nxd5 cxd5 18. Bf4 Rbc8 19. Rd2 Nc2 20. Rad1 Nxd4 21. Rxd4 Bxd4 22. Rxd4 e5 23. Bxe5 Rfe8 24. Rxd5 f6 25. Bxf6 Rxe2 26. g3 Rcc2 27. Bd4 Red2 28. Rc5 Rxc5 29. Bxc5 a5 30.
Ba3 Kf7 31. Kf1 Ke6 32. Ke1 Rc2 33. h4 Kd5 34. Kf1 Ke4 35. Kg2 Kd3 36. Bd6 Rxb2 37.
a3 Ke2 38. g4 Ra2 39. Kg3 1-0

[Event "Early-Titled-Tuesday-Blitz-February-06-2024"]
[Site "Chess.com"]
[Date "2024.02.06"]
[Round "3"]
[White "DDTerziev04"]
[Black "ChessQueen"]
[Result "0-1"]
[WhiteElo "2299"]
[BlackElo "2696"]
[TimeControl "180+1"]
[EndTime "8:28:06 PST"]
[Termination "ChessQueen won by resignation"]

1. e4 c6 2. d4 d5 3. exd5 cxd5 4.
Bd3 Nc6 5. c3 Nf6 6. Bf4 g6 7. Nd2 Bf5 8. Bc2 Bg7 9. Ngf3 Bxc2 10. Qxc2 O-O 11. O-O Rc8 12. Qd3 a6 13. Rfe1 Re8 14.
Ne5 Nd7 15. Ndf3 Ndxe5 16. Nxe5 e6 17. Qf3 f6 18. Nxc6 bxc6 19. h4 e5 20. dxe5 fxe5 21. Bg5 Qd7 22. Qg3 Qf5 23. f3 Rb8 24. Re2 Rb5 25.
Rae1 Rb7 26. Bf4 Rbe7 27. Bg5 Re6 28. Rf1 h6 29. Bc1 Kh7 30. Ref2 Bf6 31. f4 e4 32. Be3 Rg8 33. Rd2 Rd6 34. Bc5 Rd7 35. Bd4 Be7 36. Be3 Qh5 37. Qh3 Qf5 38. g4 Qf7 39. f5 gxf5 40.
Kh1 Bd6 41. Rxf5 Qg6 42. Rg2 Rf7 43. Rxf7+ Qxf7 44. Rg1 Qe6 45. Qg2 Qf6 46. Qh3 Qf3+ 47. Qxf3 exf3 48. Rf1 Rxg4 49. Rxf3 Rxh4+ 50. Kg1 Rg4+ 51. Kf1 h5 52. Rf6 Rg6 53. Rf7+ Kg8 54. Ra7 h4 55.
Bd4 h3 56. Rxa6 h2 57. Ra8+ Bf8 0-1

[Event "Early-Titled-Tuesday-Blitz-February-06-2024"]
[Site "Chess.com"]
[Date "2024.02.06"]
[Round "3"]
[White "FoggyMorning"]
[Black "TV27"]
[Result "0-1"]
[WhiteElo "2515"]
[BlackElo "2160"]
[TimeControl "180+1"]
[EndTime "8:28:07 PST"]
[Termination "TV27 won on time"]

1. e4 c5 2. Nf3 Nc6 3. d4 cxd4 4. Nxd4 Nf6 5. Nc3 e5 6. Ndb5 d6 7. Bg5 a6 8. Na3 b5 9. Nd5 Be7 10. Bxf6 Bxf6 11. c4 b4 12. Nc2 Rb8 13. g3 g6 14.
Bg2 Bg7 15. b3 O-O 16. Qd3 a5 17. Rd1 f5 18. h4 Nd4 19. Nxd4 exd4 20. h5 fxe4 21.
Bxe4 Re8 22. O-O Qg5 23. hxg6 h5 24. Rde1 h4 25. Bg2 Bf5 26. gxh4 Qxg2+ 27. Kxg2 Bxd3 28.
Rh1 Bxg6 29. Nf4 Be4+ 30. f3 Bc6 31. Kf2 Rf8 32. Kg3 Be5 33. Rxe5 dxe5 34. Ng6 Rfe8 35.
Re1 e4 36. f4 e3 37. Ne5 Rxe5 38. fxe5 Rf8 39. h5 Kh7 40. e6 Rf3+ 41. Kg4 d3 42. e7 d2 43. Rd1 Rf2 0-1

[Event "Early-Titled-Tuesday-Blitz-February-06-2024"]
[Site "Chess.com"]
[Date "2024.02.06"]
[Round "3"]
[White "bennyficial"]
[Black "picturesquecheck"]
[Result "0-1"]
[WhiteElo "2118"]
[BlackElo "2385"]
[TimeControl "180+1"]
[EndTime "8:28:07 PST"]
[Termination "picturesquecheck won on time"]

1. Nf3 d6 2. e4 g6 3. d4 Bg7 4.
Nc3 a6 5. Bc4 e6 6. Bb3 Ne7 7.
Qe2 b5 8. Be3 Bb7 9. Nd2 Nd7 10.
O-O-O Rc8 11. d5 exd5 12. Nxd5 Nxd5 13. exd5 O-O 14. h4 Nb6 15. Nf3 h5 16. Kb1 Qd7 17. Bd4 Rfe8 18. Qd2 Bf8 19. Bc3 Re4 20. Ng5 Nc4 21. Qd3 Rf4 22. f3 Rf5 23. Ne4 Ne5 24. Nf6+ Rxf6 25. Qd2 Rf5 26. f4 Ng4 27. Rhe1 Bg7 28.
Bxg7 Kxg7 29. Re2 Re8 30. Rxe8 Qxe8 31. Qc3+ Kg8 32. Qxc7 Qe2 33. Rc1 Bxd5 34. Qxd6 Qxg2 35. Qd8+ Kg7 36. Re1 Bxb3 37. axb3 Qd5 38. Qc8 Nf6 39. Re7 Qd6 40. Rc7 Nd5 41. Rd7 Qe6 42. Qb7 Rxf4 0-1

[Event "Early-Titled-Tuesday-Blitz-February-06-2024"]
[Site "Chess.com"]
[Date "2024.02.06"]
[Round "3"]
[White "AlexTruskavetsky"]
[Black "klimkoj"]
[Result "1-0"]
[WhiteElo "2723"]
[BlackElo "2920"]
[TimeControl "180+1"]
[EndTime "8:28:08 PST"]
[Termination "AlexTruskavetsky won by checkmate"]

1. d4 Nf6 2. c4 g6 3. Nc3 d5 4. cxd5 Nxd5 5. e4 Nxc3 6. bxc3 Bg7 7. Bc4 c5 8. Ne2 O-O 9. O-O Nc6 10. Be3 e6 11.
Qd2 b6 12. Rac1 Bb7 13. Rfd1 Rc8 14. Qe1 cxd4 15. cxd4 Na5 16. Bd3 Qd7 17. Bd2 Nc6 18. Bb5 a6 19. Bxc6 Bxc6 20. f3 Bb5 21. Be3 Bc4 22.
a3 Qa4 23. d5 exd5 24. exd5 Rfe8 25. Qd2 Bf8 26. Nc3 Qxa3 27. Ne4 Bg7 28. Bd4 Bxd5 29. Bxg7 Rxc1 30. Nf6+ Kxg7 31. Nxe8+ Kf8 32. Rxc1 Kxe8 33. Re1+ Be6 34. Qd5 Qc3 35. Qa8+ Ke7 36. Rd1 Qc8 37. Qa7+ Kf6 38. Qxb6 Qc4 39. Qd4+ Ke7 40. Qd8# 1-0

[Event "Early-Titled-Tuesday-Blitz-February-06-2024"]
[Site "Chess.com"]
[Date "2024.02.06"]
[Round "3"]
[White "HeroWilczek"]
[Black "GothamChess"]
[Result "1-0"]
[WhiteElo "2490"]
[BlackElo "2703"]
[TimeControl "180+1"]
[EndTime "8:28:08 PST"]
[Termination "HeroWilczek won on time"]

1. e4 e6 2. d4 d5 3. Nc3 dxe4 4. Nxe4 Nf6 5. Nxf6+ gxf6 6. Nf3 Nc6 7. c3 e5 8. Bb5 Qd5 9. Bxc6+ Qxc6 10. Be3 Rg8 11. Rg1 Bg4 12. d5 Qb5 13. h3 Bxf3 14. Qxf3 Qxb2 15. Rc1 O-O-O 16. g3 Bc5 17. Kf1 Bxe3 18. Qxe3 Rxd5 19. Kg2 Qd2 20. Qxa7 Rgd8 21. Qa8+ Kd7 22.
Qxb7 Qd3 23. c4 Qe4+ 24. Kh2 Rd4 25. Qxe4 Rxe4 26. Rgd1+ Rd4 27. Kg2 c5 28. Rb1 Kc6 29. Rdc1 Ra8 30. Rb2 Ra4 31. Rcb1 Raxc4 32. Rb6+ Kd5 33.
Rxf6 Rc2 34. Rxf7 Rxa2 35. Rxh7 c4 36. Rd7+ Ke4 37. Re1+ Kd3 38. Rc7 c3 39. Re3+ Kd2 40. Rcxc3 e4 41. Rc6 Kd1 42. Rf6 Kd2 43. Rf4 Raa4 44. h4 Kd1 45. g4 Kd2 46. Kg3 Rd3 47. Rxd3+ Kxd3 48. f3 1-0

[Event "Early-Titled-Tuesday-Blitz-February-06-2024"]
[Site "Chess.com"]
[Date "2024.02.06"]
[Round "3"]
[White "SarochaChuemsakul"]
[Black "Goryachkina"]
[Result "0-1"]
[WhiteElo "2454"]
[BlackElo "2675"]
[TimeControl "180+1"]
[EndTime "8:28:08 PST"]
[Termination "Goryachkina won on time"]

1. d4 Nf6 2. c4 e6 3. Nf3 d5 4. cxd5 exd5 5. Nc3 c6 6. Bg5 Be7 7. e3 Bf5 8. Bd3 Bxd3 9. Qxd3 Nbd7 10. O-O O-O 11.
Rab1 a5 12. Qc2 Re8 13. a3 Nb6 14. Ne5 Nfd7 15. Bxe7 Qxe7 16. Nxd7 Qxd7 17. a4 Nc4 18. Qd3 Nd6 19. b4 axb4 20. Rxb4 Re7 21. Rfb1 h5 22. h3 Qe6 23. Ne2 g6 24. Nf4 Qf6 25. Qc2 Kg7 26.
Nd3 g5 27. Nc5 Ra7 28. Qe2 Qg6 29. Qd3 Qh6 30. R1b2 g4 31. hxg4 hxg4 32. g3 Ra8 33. Nxb7 Rh8 34. Kf1 Qh1+ 35. Ke2 Qf3+ 36. Kd2 Ne4+ 37.
Kc2 Nxf2 38. Qa6 Rxe3 39. Kb1 Nd1 40. Rc2 Rh1 41. Ka2 Nc3+ 42. Rxc3 Rxc3 0-1

[Event "Early-Titled-Tuesday-Blitz-February-06-2024"]
[Site "Chess.com"]
[Date "2024.02.06"]
[Round "3"]
[White "Gravity_Chess"]
[Black "hakanazeri2"]
[Result "1-0"]
[WhiteElo "2856"]
[BlackElo "2644"]
[TimeControl "180+1"]
[EndTime "8:28:09 PST"]
[Termination "Gravity_Chess won on time"]

1. c4 Nf6 2. b3 c5 3. Bb2 Nc6 4. Nf3 g6 5. Bxf6 exf6 6. Nc3 Bg7 7. g3 O-O 8. Bg2 f5 9. O-O Ne7 10. Rc1 d5 11. Nxd5 Nxd5 12. cxd5 Qxd5 13. Qc2 Re8 14. e3 a5 15. Qxc5 Qxc5 16. Rxc5 a4 17. Rb5 axb3 18.
axb3 Ra2 19. d4 Rb2 20. Rc1 Be6 21. d5 Rc8 22. Rd1 Bd7 23. Rxb7 Ba4 24. Nd2 Rcc2 25. Bf1 Rxd2 26. Rxd2 Rxd2 27. bxa4 Rxd5 28. Bc4 Rd1+ 29. Kg2 Bc3 30. Rxf7 Kh8 31. Rc7 Ra1 32. Bb5 Be1 33.
Rc2 Kg7 34. f4 Ra3 35. Kf3 Ba5 36.
Rc6 Bd2 37. Rc7+ Kh6 38. Re7 Be1 39. g4 fxg4+ 40. Kxg4 Bd2 41. Kf3 Ra1 42. Bc4 Ra2 43.
Bg8 g5 44. f5 g4+ 45. Kxg4 1-0

[Event "Early-Titled-Tuesday-Blitz-February-06-2024"]
[Site "Chess.com"]
[Date "2024.02.06"]
[Round "3"]
[White "Sajith_Peiris"]
[Black "Ural_bogatyr"]
[Result "0-1"]
[WhiteElo "2254"]
[BlackElo "2538"]
[TimeControl "180+1"]
[EndTime "8:28:09 PST"]
[Termination "Ural_bogatyr won on time"]

1. e4 e5 2. Nf3 Nc6 3. Bb5 a6 4. Ba4 Nf6 5. O-O Nxe4 6. d4 b5 7. Bb3 d5 8. dxe5 Be6 9. c3 Bc5 10. Nbd2 O-O 11. Bc2 Nxf2 12. Rxf2 Bxf2+ 13. Kxf2 f6 14. exf6 Qxf6 15. Nf1 Rae8 16. Be3 Ne5 17. Bd4 Bg4 18.
Bxe5 Qxe5 19. Qd3 Qh5 20. Ng3 Qxh2 21. Rh1 Rxf3+ 22. Qxf3 Qxh1 23. Qxd5+ Be6 24. Qxe6+ Rxe6 25. Nxh1 Rd6 26. Ke2 Re6+ 27. Kf1 Rd6 28. Bb3+ Kf8 29. Ke2 c5 30. Nf2 c4 31. Bc2 h5 32. Ne4 Rd5 33. Ke3 Ke7 34. Ng3 Kf6 35. Ne4+ Ke5 36. Ng3 h4 37. Ne2 g5 38. Nd4 Rd6 39. Nf3+ Kf6 0-1

[Event "Early-Titled-Tuesday-Blitz-February-06-2024"]
[Site "Chess.com"]
[Date "2024.02.06"]
[Round "3"]
[White "ValentunHulka"]
[Black "LeRoidesChampions"]
[Result "0-1"]
[WhiteElo "2812"]
[BlackElo "2630"]
[TimeControl "180+1"]
[EndTime "8:28:10 PST"]
[Termination "LeRoidesChampions won by resignation"]

1. Nc3 e5 2. Nf3 Nc6 3. d4 exd4 4. Nxd4 Nf6 5. Bg5 Bc5 6. Nf5 Bxf2+ 7. Kd2 O-O 8. e3 d5 9. Qf3 d4 10. Nxd4 Nxd4 11.
exd4 Bxd4 12. Bd3 Bxc3+ 13. bxc3 Ne4+ 14. Qxe4 Qxg5+ 15. Ke2 g6 16. h4 Bg4+ 17. Kf2 Qf6+ 18. Kg3 Bf5 19. Rhf1 Qg7 20. Qc4 Qe5+ 21. Rf4 Bxd3 22.
cxd3 Rad8 23. Rf1 b5 24. Qe4 Qxc3 25. R1f3 Rfe8 26. Qb7 Rxd3 27. Rxf7 Qe1+ 28. Kh3 Qe6+ 29. Kh2 Rxf3 30. Rxf3 Qe5+ 31. Kh3 Rd8 32. Qxa7 Qe6+ 33. Kh2 Qd6+ 34. Kh3 Qd7+ 35. Kh2 Rf8 36. Re3 Qd6+ 37.
Kh3 Qf4 38. Qc5 Qf5+ 39. Qxf5 Rxf5 40. Re7 Rc5 41. Kg4 Rc4+ 42. Kg5 c5 43. g3 Rd4 44. Kf6 Rd6+ 45. Ke5 Rd3 46. g4 Re3+ 0-1

[Event "Early-Titled-Tuesday-Blitz-February-06-2024"]
[Site "Chess.com"]
[Date "2024.02.06"]
[Round "3"]
[White "KanalSzachowy"]
[Black "RandomNoob04"]
[Result "0-1"]
[WhiteElo "2356"]
[BlackElo "2563"]
[TimeControl "180+1"]
[EndTime "8:28:10 PST"]
[Termination "RandomNoob04 won by checkmate"]

1. e4 e5 2. Nf3 Nf6 3. d4 Nxe4 4. dxe5 d5 5. Bd3 Nc5 6. Be2 Be7 7. Nc3 c6 8. O-O O-O 9. a3 Ne6 10. b4 f6 11. Bb2 fxe5 12. Nxe5 Bd6 13. f4 Nxf4 14. Nd3 Qg5 15. Nxf4 Bxf4 16. Bc1 Bh3 17. Bf3 Nd7 18. Nxd5 Bxc1 19. Qxc1 Qe5 20. Re1 Qd4+ 21. Qe3 Qxe3+ 22. Rxe3 cxd5 23. Bxd5+ Kh8 24. gxh3 Nf6 25. Bxb7 Rad8 26. Rae1 Rd2 27. R3e2 Rd7 28. Bg2 Rc7 29. a4 Rc4 30. Rb1 Nh5 31. Bf1 Nf4 32. Rf2 Rc3 33. Rb3 Rc6 34.
b5 Rcf6 35. Rd2 Rg6+ 36. Kh1 Nd5 37. Bc4 Nb6 38. Rf3 Re8 39. Bb3 Re1+ 40. Rf1 Rxf1# 0-1

[Event "Early-Titled-Tuesday-Blitz-February-06-2024"]
[Site "Chess.com"]
[Date "2024.02.06"]
[Round "3"]
[White "Yaacovn"]
[Black "twofoxniel"]
[Result "1-0"]
[WhiteElo "2831"]
[BlackElo "2621"]
[TimeControl "180+1"]
[EndTime "8:28:11 PST"]
[Termination "Yaacovn won by resignation"]

1. d4 d5 2. Nf3 c6 3. c4 Nf6 4. cxd5 cxd5 5. Nc3 Nc6 6. Bf4 a6 7.
Ne5 Qb6 8. Nxc6 bxc6 9. Qd2 Bf5 10. e3 e6 11. a3 Ne4 12. Nxe4 Bxe4 13. Rc1 Be7 14. Be2 O-O 15. O-O c5 16. dxc5 Bxc5 17. b4 Bd6 18. Bxd6 Qxd6 19. Rc5 a5 20. Rxa5 Rxa5 21. bxa5 Qxa3 22. a6 Rc8 23. Qd4 h6 24.
h3 Rc2 25. Ra1 Rc1+ 26. Rxc1 Qxc1+ 27. Qd1 Qa3 28. Bf1 e5 29. Qe2 Qa1 30. Qb5 Kh7 31. Kh2 Bf5 32. Bd3 Bxd3 33. Qxd3+ e4 34. Qb5 Qe5+ 35.
g3 Qf6 36. Kg1 Qa1+ 37. Kg2 Qf6 38. Qa4 Qf3+ 39. Kg1 d4 40. Qxd4 Qe2 41. a7 Qe1+ 42. Kg2 Qa5 43. Qxe4+ f5 44. Qb7 1-0

[Event "Early-Titled-Tuesday-Blitz-February-06-2024"]
[Site "Chess.com"]
[Date "2024.02.06"]
[Round "3"]
[White "Yan_Dyomin2010"]
[Black "RobertoJBM"]
[Result "0-1"]
[WhiteElo "2593"]
[BlackElo "2816"]
[TimeControl "180+1"]
[EndTime "8:28:11 PST"]
[Termination "RobertoJBM won by checkmate"]

1. e4 c6 2. d4 d5 3. e5 Bf5 4.
Nf3 e6 5. Be2 Nd7 6. O-O Bg6 7.
Nbd2 Nh6 8. Re1 Nf5 9. Nf1 Be7 10. Bd3 O-O 11. Ng3 Nxg3 12. Bxg6 fxg6 13. hxg3 c5 14. c3 Rc8 15. Qd3 c4 16. Qe2 h6 17. Qc2 Qe8 18. Be3 b5 19. b4 Nb6 20. g4 g5 21. Nh2 Ra8 22. Nf1 a5 23. a3 Qf7 24.
Reb1 Ra7 25. Ng3 g6 26. Rf1 Kg7 27. f4 gxf4 28. Rxf4 Qe8 29. Raf1 Bg5 30. Rxf8 Bxe3+ 31. R8f2 axb4 32. axb4 Rf7 33. Kh2 Bxf2 34. Rxf2 Rxf2 35. Qxf2 Qf7 36. Qxf7+ Kxf7 37. Ne2 Na4 38. Kg3 Nb2 39. Kf4 Nd1 40. Kf3 g5 41. Kg3 Kg6 42. Kf3 Kg7 43. Kg3 Kh7 44. Kf3 Kg6 45. Kg3 h5 46.
Kh3 Nf2+ 47. Kg3 Nxg4 48. Kf3 Nh6 49. Kg3 Nf5+ 50. Kf3 g4+ 51. Kf4 Nh4 52. g3 Ng2# 0-1

[Event "Early-Titled-Tuesday-Blitz-February-06-2024"]
[Site "Chess.com"]
[Date "2024.02.06"]
[Round "3"]
[White "deribas12345"]
[Black "Harsha_Bharathakoti"]
[Result "0-1"]
[WhiteElo "2507"]
[BlackElo "2924"]
[TimeControl "180+1"]
[EndTime "8:28:11 PST"]
[Termination "Harsha_Bharathakoti won by resignation"]

1. d4 d5 2. c4 e6 3. Nc3 a6 4. cxd5 exd5 5. e4 dxe4 6. Nxe4 Be7 7. Nf3 Nf6 8. Nc3 O-O 9. Be2 Bg4 10. h3 Bh5 11. O-O Nbd7 12. Ne5 Bxe2 13. Qxe2 Nb6 14. Rd1 Re8 15. Qf3 Nbd5 16. Bg5 c6 17. Bxf6 Bxf6 18. Nxd5 cxd5 19. Rac1 Qd6 20. Ng4 Bg5 21.
Rc5 Rad8 22. Rc3 h5 23. Ne5 Bf6 24. Qxh5 Bxe5 25. dxe5 Rxe5 26. Qg4 Rde8 27. Rg3 g6 28. h4 Re1+ 29. Rxe1 Rxe1+ 30. Kh2 Re4 31. Qc8+ Kg7 32.
Qxb7 Rxh4+ 33. Kg1 Rb4 34. Qc8 Rxb2 35. Qc3+ Qf6 36.
Qxf6+ Kxf6 37. Ra3 Rb1+ 38. Kh2 Rb6 39. Kg3 Ke5 40.
Kg4 Ke4 41. f3+ Kd4 42. Kf4 Kc4 43. g4 d4 44. Ke5 Re6+ 45. Kf4 d3 46. Ra4+ Kc3 47.
Ra5 d2 48. Rc5+ Kd4 49. Rc8 Rd6 0-1

[Event "Early-Titled-Tuesday-Blitz-February-06-2024"]
[Site "Chess.com"]
[Date "2024.02.06"]
[Round "3"]
[White "Adekrisna123"]
[Black "Ati1517"]
[Result "1-0"]
[WhiteElo "2536"]
[BlackElo "2251"]
[TimeControl "180+1"]
[EndTime "8:28:11 PST"]
[Termination "Adekrisna123 won by resignation"]

1. d4 Nf6 2. Bf4 g6 3. Nc3 Bg7 4. e4 d6 5. Qd2 Nbd7 6. O-O-O O-O 7. Bh6 c6 8. h4 b5 9. h5 b4 10. Bxg7 bxc3 11. Qh6 Ng4 12. Qf4 Kxg7 13. Qxg4 cxb2+ 14. Kb1 Nf6 15. Qh4 Be6 16. d5 cxd5 17. exd5 Bf5 18. Bd3 Bxd3 19. Rxd3 Qa5 20. Ne2 Rfc8 21. hxg6 fxg6 22.
Re3 Qc7 23. Nd4 Kg8 24. Rb3 Rab8 25. Qh3 Rxb3 26. axb3 e5 27. dxe6 Nd5 28. Kxb2 Qc3+ 29. Qxc3 Nxc3 30. e7 Nd5 31. Re1 Kf7 32. Nb5 Nc7 33. Nxc7 Rxc7 34. e8=Q+ 1-0

[Event "Early-Titled-Tuesday-Blitz-February-06-2024"]
[Site "Chess.com"]
[Date "2024.02.06"]
[Round "3"]
[White "Chemim21"]
[Black "Pingah9"]
[Result "1/2-1/2"]
[WhiteElo "2236"]
[BlackElo "2527"]
[TimeControl "180+1"]
[EndTime "8:28:11 PST"]
[Termination "Game drawn - insufficient material"]

1. e4 c5 2. Nf3 e6 3. Nc3 a6 4. a4 Nc6 5. d3 d5 6. g3 Nf6 7. Bg2 dxe4 8. Nxe4 Nxe4 9. dxe4 Qxd1+ 10. Kxd1 e5 11. c3 Be6 12. Kc2 f6 13. Be3 O-O-O 14. Nd2 b6 15. h4 Kc7 16. Bf1 a5 17. Nc4 Be7 18. Na3 Kb7 19. f3 h5 20. Bc4 Bxc4 21.
Nxc4 Rc8 22. Rad1 Nd4+ 23. cxd4 cxd4 24. Kb3 dxe3 25. Rd7+ Rc7 26. Rxc7+ Kxc7 27. Nxe3 Bc5 28. Nd5+ Kb7 29. g4 hxg4 30. fxg4 Bf2 31. h5 Bd4 32. Ne7 Rd8 33. Nf5 Rd7 34. h6 gxh6 35. Rxh6 Bc5 36. Rxf6 Rd3+ 37. Kc4 Rd2 38. b3 Rg2 39. Rg6 Re2 40. Rg7+ Ka6 41. Kd5 Rb2 42. Kxe5 Rxb3 43. Kd5 Rb4 44. e5 Rxa4 45. e6 Ra1 46. e7 Re1 47. g5 a4 48. g6 a3 49.
Rg8 Bxe7 50. Nxe7 Rxe7 51. Ra8+ Kb7 52. Rxa3 Rg7 53. Rg3 Ka6 54. Ke6 b5 55. Kf6 Rg8 56. g7 b4 57. Kf7 Rb8 58. Rb3 Ka5 59. g8=Q Rxg8 60. Kxg8 Ka4 61. Re3 b3 62. Rxb3 Kxb3 1/2-1/2